 Dungeon Crawl Stone Soup version 0.30-a0-354-g6b83867211 (webtiles) character file.

Game seed: 5443091176858175768

268 HoaS the Skirmisher (level 6, -1/35 HPs)
             Began as a Kobold Hunter on Nov 7, 2022.
             Slain by a scorpion (2 damage)
             ... on level 4 of the Dungeon.
             The game lasted 00:04:08 (2390 turns).

HoaS the Skirmisher (Kobold Hunter)                 Turns: 2390, Time: 00:04:09

Health: -1/35      AC:  7    Str:  9    XL:     6   Next: 45%
Magic:  6/6        EV: 14    Int: 10    God:
Gold:   228        SH:  0    Dex: 20    Spells: 5/5 levels left

rFire   . . .      SeeInvis .    a - +0 shortbow
rCold   + . .      Faith    .    (shield currently unavailable)
rNeg    . . .      Spirit   .    c - +0 leather armour
rPois   .          Reflect  .    e - +2 helmet
rElec   .          Harm     .    (no cloak)
rCorr   .          Rampage  .    (no gloves)
Will    .....                    i - +0 pair of boots
Stlth   +++.......               k - amulet of the acrobat
HPRegen 0.25/turn                d - ring of protection from cold
MPRegen 0.10/turn                (no ring)

@: mighty, lethally poisoned (-1 -> -5)
A: small, no large weapons, nightstalker 3
a: no special abilities


You were on level 4 of the Dungeon.
You visited 1 branch of the dungeon, and saw 4 of its levels.

You collected 228 gold pieces.

Inventory:

Hand Weapons
 a - a +0 shortbow (weapon)
Armour
 c - a +0 leather armour (worn)
 e - a +2 helmet (worn)
 i - a +0 pair of boots (worn)
Jewellery
 d - a ring of protection from cold (left hand)
 k - an amulet of the acrobat (around neck)
Wands
 g - a wand of iceblast (8)
 j - a wand of light (3)
Scrolls
 b - a scroll of immolation
 f - 6 scrolls of identify
 h - a scroll of teleportation
Potions
 m - a potion of flight {unknown}
 n - a potion of haste {unknown}


   Skills:
 - Level 2.1 Fighting
 + Level 9.6 Ranged Weapons
 - Level 2.4 Dodging
 - Level 1.3 Stealth


You had 5 spell levels left.
You didn't know any spells.
Your spell library contained the following spells:

 Spells                   Type           Power      Damage    Failure   Level
 Inner Flame              Hex/Fire       0%         N/A       85%         3
 Flame Wave               Conj/Fire      0%         2d4       99%         4
 Sticky Flame             Conj/Fire      0%         2d3       99%         4


Dungeon Overview and Level Annotations

Branches:
Dungeon (4/15)
 Temple: D:4-7

Altars:
Dithmenos
Hepliaklqana
Qazlal

Shops:
D:1 !

Annotations:
D:4 exclusion: ogre


Innate Abilities, Weirdness & Mutations

You are small and have problems with some larger weapons.
You are completely attuned to the shadows.


Message History

You kill the jelly!
You shoot an arrow. The arrow hits the scorpion.
The scorpion is severely wounded.
The scorpion stings you.
You are poisoned.
The scorpion poisons you!
You shoot an arrow. The arrow hits the scorpion.
The scorpion is severely wounded.
You feel very sick.
The scorpion stings you but does no damage.
You shoot an arrow. The arrow closely misses the scorpion.
You feel sick. The scorpion stings you.
You are more poisoned.
The scorpion poisons you!
You shoot an arrow. The arrow closely misses the scorpion.
You feel very sick. The scorpion stings you. The scorpion closely misses you.
You are too injured to fight recklessly!
You are too injured to fight recklessly!
You are too injured to fight recklessly!
You feel very mighty all of a sudden.
You feel very sick. The scorpion barely misses you.
You shoot an arrow.
The arrow hits the scorpion but does no damage.
The scorpion is severely wounded.
* * * LOW HITPOINT WARNING * * *
You feel sick.
The scorpion stings you but does no damage.
You shoot an arrow.
The arrow hits the scorpion but does no damage.
The scorpion is severely wounded.
* * * LOW HITPOINT WARNING * * *
You feel sick. The scorpion stings you.
* * * LOW HITPOINT WARNING * * *
You shoot an arrow. The arrow hits the scorpion.
The scorpion is severely wounded.
* * * LOW HITPOINT WARNING * * *
You feel sick. The scorpion stings you.
You die...

.........#
....<..).#
.........######
....#####..#..#
....#....)....#
....#.........###
....#...........##
....#.........#..#
....# ...###'###@#
.... .... #s# ...
.⌠.⌠.#.# _.s'.#
.⌠.### ... +#


You could see a scorpion.

Vanquished Creatures
  A necrophage (D:4)
  2 jellies (D:4)
  An orc wizard (D:3)
  Robin (D:4)
  4 adders
  A shadow imp (D:4)
  A dart slug (D:3)
  6 orcs
  5 ball pythons
  4 endoplasms
  3 giant cockroaches
  13 goblins
  7 hobgoblins
  2 jackals (D:2)
  2 quokkas
  5 bats
  A frilled lizard (D:2)
  4 kobolds
  3 rats (D:1)
66 creatures vanquished.

Notes
Turn   | Place    | Note
-------+----------+-------------------------------------------
     0 | D:1      | HoaS the Kobold Hunter began the quest for the Orb.
     0 | D:1      | Reached XP level 1. HP: 12/12 MP: 1/1
    76 | D:1      | Reached XP level 2. HP: 13/17 MP: 2/2
   148 | D:1      | Reached skill level 6 in Ranged Weapons
   188 | D:1      | Found Momer's Distillery.
   431 | D:1      | Reached XP level 3. HP: 21/21 MP: 3/3
   667 | D:2      | Reached skill level 7 in Ranged Weapons
  1024 | D:2      | Reached XP level 4. HP: 26/26 MP: 4/4
  1319 | D:3      | Reached XP level 5. HP: 3/30 MP: 5/5
  1652 | D:3      | Reached skill level 8 in Ranged Weapons
  1841 | D:3      | Found a stormy altar of Qazlal.
  1980 | D:4      | Found a hazy altar of Hepliaklqana.
  2006 | D:4      | Noticed an ogre
  2134 | D:4      | Noticed Robin
  2137 | D:4      | Killed Robin
  2371 | D:4      | Found a shadowy altar of Dithmenos.
  2382 | D:4      | Reached skill level 9 in Ranged Weapons
  2382 | D:4      | Reached XP level 6. HP: 33/35 MP: 6/6
  2390 | D:4      | HP: 1/35 [poisoned by a scorpion]
  2390 | D:4      | Slain by a scorpion

Illustrated notes

Levels and vault maps discovered:
D:1:      beargit_arrival_greenhouse, layout_rooms, serial_shops,
          nicolae_square_shop
D:2:      layout_basic, dreamdust_princess_corridor
D:3:      layout_loops_ring, nicolae_qazlal_eye_of_the_storm, kennysheep_donut
D:4:      layout_gridville, kennysheep_little_box, nzn_hepliaklqana_mist_gate,
          st_stairs_2, chequers_serial_rivers_room_b, uniq_robin

Skill      XL: |  1  2  3  4  5 |
---------------+----------------+-----
Ranged Weapons | 6 7 9 |  9.6
Fighting       | |  2.1
Dodging        | |  2.4
Stealth        | |  1.3

Action                   |  1- 3 |  4- 6 || total
-------------------------+-------+-------++-------
 Fire: Shortbow          |    51 |   104 ||   155
  Use: Scroll            |       |     3 ||     3
       Potion            |       |     1 ||     1
Armor: Leather armour    |     3 |    20 ||    23
Dodge: Dodged            |     9 |    44 ||    53

Table legend: (Time is in decaauts)
 A = Elapsed time spent in this place.
 B = Non-inter-level travel time spent in this place.
 C = Inter-level travel time spent in this place.
 D = Time resting spent in this place.
 E = Time spent auto-exploring this place.
 F = Levels seen in this place.
 G = Mean time per level.
                   A        B        C        D        E       F      G
               +--------+--------+--------+--------+--------+-----+--------+
         Total |   2418 |   2335 |     83 |    154 |   1831 |   4 |  604.5 |
       Dungeon |   2418 |   2335 |     83 |    154 |   1831 |   4 |  604.5 |
               +--------+--------+--------+--------+--------+-----+--------+

Top non-repeatable levels by time:
     D:3: 938 daAuts
     D:2: 585 daAuts
     D:1: 471 daAuts
     D:4: 422 daAuts
